 Dungeon Crawl Stone Soup version 0.28-b1-1-g3c77fb2ed1 (webtiles) character file.

Game seed: 1559240708874043696

700 growler the Ruffian (level 7, -1/63 HPs)
             Began as a Ghoul Monk on Jan 30, 2022.
             Was an Initiate of Gozag.
             Slain by a scorpion (3 damage)
             ... on level 5 of the Dungeon.
             The game lasted 00:08:52 (5877 turns).

growler the Ruffian (Ghoul Monk)                    Turns: 5877, Time: 00:08:52

Health: -1/63      AC:  2    Str: 17    XL:     7   Next: 65%
Magic:  6/6        EV: 13    Int:  5    God:    Gozag
Gold:   704        SH:  0    Dex: 11    Spells: 6/6 levels left

rFire   . . .      SeeInvis +     - Unarmed
rCold   + . .      Faith    .   (no shield)
rNeg    + + +      Spirit   .   a - +0 robe
rPois   ∞          Reflect  .   (no helmet)
rElec   .          Harm     .   (no cloak)
rCorr   .          Rampage  .   (no gloves)
Will    .....                   (no boots)
Stlth   ++........              (no amulet)
HPRegen 0.00/turn               z - ring of see invisible
MPRegen 0.10/turn               (no ring)

@: mighty, gold aura, inhibited regen
A: claws 1, cold resistance 1, negative energy resistance 3, inhibited
regeneration, torment resistance 2
a: Renounce Religion, Potion Petition, Call Merchant, Bribe Branch


You were on level 5 of the Dungeon.
You worshipped Gozag.
Gozag was pleased with you.
You visited 1 branch of the dungeon, and saw 5 of its levels.

You collected 704 gold pieces.

Inventory:

Armour
 a - a +0 robe (worn)
 m - a +0 cloak
   (You found it on level 4 of the Dungeon)
Jewellery
 z - a ring of see invisible (left claw)
   (You found it on level 1 of the Dungeon)
Wands
 v - a wand of digging (6)
   (You took it off Ijyb on level 3 of the Dungeon)
Scrolls
 b - 2 scrolls of teleportation {unknown}
 c - a scroll of immolation {unknown}
 e - a scroll of fear {unknown}
 g - 2 scrolls of amnesia {unknown}
 i - 2 scrolls of identify {unknown}
 j - a scroll of acquirement {unknown}
 l - 2 scrolls of noise {unknown}
 n - a scroll of blinking {unknown}
Potions
 d - a potion of degeneration {unknown}
 f - a potion of curing {unknown}
 h - a potion of might
 k - a potion of mutation {unknown}


   Skills:
 + Level 6.1 Fighting
 + Level 5.1 Dodging
 - Level 2.1 Stealth
 + Level 6.1 Unarmed Combat


You had 6 spell levels left.
You didn't know any spells.
Your spell library contained the following spells:

 Spells                   Type           Power      Damage    Failure   Level
 Apportation              Tloc           0%         N/A       47%         1
 Magic Dart               Conj           0%         1d3       47%         1
 Call Imp                 Summ           0%         N/A       63%         2
 Mephitic Cloud           Conj/Pois/Air  0%         N/A       85%         3
 Alistair's Intoxication  Tmut/Pois      0%         N/A       100%        5


Dungeon Overview and Level Annotations

Branches:
Dungeon (5/15)             Temple (0/1) D:5

Altars:
Gozag

Shops:
D:1 ?   D:3 (?*

Annotations:
D:3 4 runed translucent doors, Crazy Yiuf; YungCoward's ghost, amateur DgFi


Innate Abilities, Weirdness & Mutations

You thrive by killing the living.
You are immune to poison.
You have sharp fingernails.
Your flesh is cold resistant. (rC+)
You are immune to negative energy. (rN+++)
You do not regenerate when monsters are visible.
You are immune to unholy pain and torment.


Message History

Found a robe.
You see here a +0 robe.
Found a flail.
Found a stone staircase leading down.
A hound comes into view.
The hound barks!
A hound is nearby!
A hound is nearby!
The hound bites you.
You closely miss the hound. The hound bites you.
A scorpion comes into view.
You scratch the hound. The hound closely misses you.
You barely miss the hound. The hound closely misses you. The hound bites you.
You barely miss the hound. The hound closely misses you.
You closely miss the hound. The hound barely misses you.
You scratch the hound but do no damage. Your claw misses the hound.
The hound bites you. x2; The scorpion closely misses you.
You scratch the hound. The hound misses you. The scorpion barely misses you.
You closely miss the hound. The hound closely misses you.
The scorpion barely misses you. The hound bites you.
You miss the hound. The scorpion stings you. The hound bites you.
You scratch the hound. The hound bites you. The scorpion stings you.
You closely miss the hound. The hound completely misses you.
The scorpion stings you!
* * * LOW HITPOINT WARNING * * *
The hound closely misses you. The hound bites you.
* * * LOW HITPOINT WARNING * * *
You barely miss the hound. The hound bites you.
* * * LOW HITPOINT WARNING * * *
You claw the hound!
You kill the hound!
You scratch the scorpion. The scorpion stings you!
* * * LOW HITPOINT WARNING * * *
You scratch the scorpion but do no damage.
The scorpion is distracted by your dazzling golden aura.
You scratch the scorpion.
The scorpion is no longer distracted by gold.
The scorpion stings you!
* * * LOW HITPOINT WARNING * * *
You scratch the scorpion.
The scorpion stings you but does no damage.
You scratch the scorpion but do no damage.
The scorpion completely misses you.
You closely miss the scorpion. The scorpion stings you!
* * * LOW HITPOINT WARNING * * *
It was a potion of might.
You feel very mighty all of a sudden. The scorpion stings you.
You die...
Your body crumbles into a pile of gold.

#..#.## ....# #.##
# ...... #.#.#.#
#.## # ##....
#.#.#.# #.## #
..>#.## #...#.#
#[## # #....#
.....# #.## #
#....# ####.###...
# #).# #.[....####
####### ##s#
#.####.##).
......#
#@######.####.##)#
#######
#......#.#......[#
######.#.#########
#...# #####


You could see a scorpion.

Vanquished Creatures
  Grinder (D:3)
  A phantom (D:4)
  A scorpion (D:4)
  A water moccasin skeleton (D:5)
  An orc priest (D:5)
  A hound (D:5)
  2 iguanas (D:4)
  Ijyb (D:3)
  4 gnolls (D:5)
  7 adders
  2 worms (D:4)
  2 dart slugs
  5 orcs
  4 ball pythons
  7 bats
  9 endoplasms
  2 giant cockroaches
  6 goblins
  5 hobgoblins
  2 jackals (D:3)
  4 quokkas
  4 frilled lizards
  5 kobolds
  A quokka skeleton (D:4)
  4 rats
82 creatures vanquished.

Notes
Turn   | Place    | Note
-------+----------+-------------------------------------------
     0 | D:1      | growler the Ghoul Monk began the quest for the Orb.
     0 | D:1      | Reached XP level 1. HP: 19/19 MP: 0/0
   344 | D:1      | Reached XP level 2. HP: 21/26 MP: 1/1
   579 | D:1      | Found Sidudafa's Magic Scroll Shoppe.
   962 | D:1      | Found a faded altar of an unknown god.
  1046 | D:1      | Prayed at the altar of an unknown god.
  1046 | D:1      | Became a worshipper of Gozag Ym Sagoz the Greedy
  1388 | D:2      | Reached XP level 3. HP: 10/33 MP: 2/2
  2039 | D:2      | Reached XP level 4. HP: 40/40 MP: 3/3
  2565 | D:3      | Found a runed translucent door.
  2566 | D:3      | Noticed Crazy Yiuf
  2582 | D:3      | Found Muce's General Store.
  2632 | D:3      | Found a runed translucent gate.
  2632 | D:3      | Found a runed translucent gate.
  2634 | D:3      | Found a runed translucent gate.
  2666 | D:3      | Noticed YungCoward's ghost (amateur DgFi)
  2866 | D:3      | Found Vorav's Weapon Emporium.
  2957 | D:3      | You fall into a shaft and drop 2 floors!
  2957 | D:5      | Entered Level 5 of the Dungeon
  2968 | D:5      | Reached XP level 5. HP: 21/47 MP: 4/4
  3533 | D:4      | Reached XP level 6. HP: 33/55 MP: 5/5
  3685 | D:4      | Reached skill level 5 in Fighting
  3685 | D:4      | Reached skill level 5 in Unarmed Combat
  3915 | D:3      | Found Selicypt's Magic Scroll Boutique.
  3918 | D:3      | Noticed Ijyb
  3930 | D:3      | Killed Ijyb
  4132 | D:3      | Noticed Grinder
  4133 | D:3      | Paralysed by Grinder for 2 turns
  4151 | D:3      | Killed Grinder
  4152 | D:3      | Reached XP level 7. HP: 33/62 MP: 6/6
  5578 | D:4      | Reached skill level 5 in Dodging
  5649 | D:5      | Found a staircase to the Ecumenical Temple.
  5876 | D:5      | HP: 2/63 [scorpion (9)]
  5877 | D:5      | Slain by a scorpion

Illustrated notes

Levels and vault maps discovered:
D:1:      doesnt_arrival_eight_statues, layout_loops_corners, serial_shops,
          nicolae_shop_advertising_works [nicolae_subvault_shop_adworks],
          dreamdust_ecumenical_altar_hidden_monk_grotto
D:2:      layout_loops_ring
D:3:      layout_basic, serial_shops, shop_coins, nicolae_shop_trees,
          nicolae_shop_behind_doors, gammafunk_ghost_icy, serial_glass,
          glass_columns_b, glass_columns_b, minmay_strange_pillars,
          feat_on_display, due_unseen_surprise, uniq_grinder, uniq_ijyb,
          uniq_crazy_yiuf_cottage
D:4:      nicolae_cairo_tiling_large, layout_basic
D:5:      layout_basic, minmay_temple_entry_antechambers,
          sigmund_edmund_badplayer

Skill      XL: |  1  2  3  4  5  6  7 |
---------------+----------------------+-----
Dodging        | 3 4 5 |  5.1
Fighting       | 4 5 6 |  6.1
Unarmed Combat | 4 5 6 |  6.1
Stealth        | |  2.1

Action                   |  1- 3 |  4- 6 |  7- 9 || total
-------------------------+-------+-------+-------++-------
Melee: Unarmed           |    99 |   144 |    71 ||   314
       Punch             |     1 |    11 |     2 ||    14
  Use: Potion            |       |       |     1 ||     1
 Stab: Sleeping          |     6 |     6 |     3 ||    15
Armor: Robe              |    19 |    14 |     3 ||    36
Dodge: Dodged            |    76 |    65 |    36 ||   177
